cohdb
Replays
Latest Replays
All Replays
Popular Replays
Top Player Replays
Match Explorer
How It Works
Community
CoH3 Stats
Reddit
Sign in to upload your games and track your stats! →
Sign in with Steam
Match 40306344
Unlisted
Match 40306344
Overview
Messages
Build Orders
End
Construct Infanterie Kompanie
Grenadier Squad
Selects Breakthrough Battlegroup
Selects Assault Grenadiers
Grenadier Squad
Grenadier Squad
Medical Station
Infanterie Officer Quarters
Grenadier Squad
Construct Panzergrenadier Kompanie
Selects 2.5-tonne Cargo Truck
Selects Breakthrough
2.5-tonne Cargo Truck
Pak 40 Anti-tank Gun Team
Construct Panzer Kompanie
Pioneer Squad
Selects Blitzkrieg
Panzer IV Medium Tank
2.5-tonne Cargo Truck
Selects Incendiary Bombing Run
Panzer IV Medium Tank
Panzer Officer Quarters
Grenadier Squad
Blitzkrieg
Panzer IV Medium Tank
Side Skirts
Selects Tiger Heavy Tank
Blitzkrieg
Tiger Heavy Tank
Blitzkrieg
Panzer IV Medium Tank
Panzer IV Medium Tank
GreenWii
Parasonic
Thrusher
Plati2d2 (Esp)
Mastercraft97
Mgsblade
Nadzinator
Valdemar
0
0
Comments
sign in to comment!
No comments posted yet!